 Dungeon Crawl Stone Soup version 0.26-a0-712-ga5a9c9c9d0 (webtiles) character file.

Game seed: 13379976435322092757

15515 kae the Grappler (level 12, -15/115 HPs)
             Began as a Troll Transmuter on Nov 12, 2020.
             Was a Believer of Ru.
             Killed from afar by Azrael (33 damage)
             ... with damnation
             ... on level 12 of the Dungeon.
             The game lasted 00:13:47 (11121 turns).

kae the Grappler (Troll Transmuter)                Turns: 11121, Time: 00:13:47

Health: -15/115    AC:  9    Str: 25    XL:     12   Next: 1%
Magic:  10/12      EV: 12    Int:  9    God:    Ru [**....]
Gold:   1967       SH:  0    Dex: 10    Spells: 4/13 levels left

rFire    . . .     SeeInvis .     - Unarmed
rCold    . . .     Faith    .   (shield currently unavailable)
rNeg     . . .     Spirit   .   x - +0 steam dragon scales
rPois    .         Reflect  .   (helmet restricted)
rElec    .         Harm     +   y - scarf {harm}
rCorr    .         Rampage  .   (gloves unavailable)
MR       .....                  (boots unavailable)
Stlth    +.........             v - amulet of magic regeneration
HPRegen  0.69/turn              B - ring of wizardry
MPRegen  0.38/turn              c - ring of wizardry

@: blade hands, very slightly contaminated, invisible
A: large, unfitting armour, claws 3, regeneration 1, shaggy fur 1, tough skin 3,
inability to use devices
a: End Transformation, Renounce Religion


You were on level 12 of the Dungeon.
You worshipped Ru.
Ru was pleased with you.
You had blades for hands.
You visited 2 branches of the dungeon, and saw 13 of its levels.
You also visited: Sewer.

You collected 1967 gold pieces.

Inventory:

Armour
 e - a +0 cloak
 x - +0 steam dragon scales (worn)
 y - a scarf of harm (worn)
Jewellery
 c - a ring of wizardry (right scythe-like blade)
 v - an amulet of magic regeneration (around neck)
 B - a ring of wizardry (left scythe-like blade)
 C - an uncursed ring of magical power
Scrolls
 b - 5 scrolls of immolation
 h - a scroll of identify
 i - 2 scrolls of enchant armour
 l - 5 scrolls of remove curse
 m - 3 scrolls of amnesia
 r - 3 scrolls of fog
Potions
 d - 2 potions of brilliance
 f - 7 potions of curing
 g - a potion of resistance
 j - a potion of haste
 k - a potion of invisibility
 o - 2 potions of ambrosia
 p - 3 potions of heal wounds
 q - a potion of berserk rage
 s - 4 potions of flight
 u - 2 potions of degeneration {unknown}
 z - a potion of mutation {unknown}
 A - 3 potions of might {unknown}


   Skills:
 + Level 6.7 Fighting
 + Level 6.9 Dodging
 * Level 11.7 Unarmed Combat
 - Level 1.2 Spellcasting
 * Level 9.0 Transmutations


You had 4 spell levels left.
You knew the following spells:

 Your Spells              Type           Power        Failure   Level
a - Beastly Appendage     Tmut           ###...       4%          1
b - Spider Form           Tmut/Pois      #.........   19%         3
c - Blade Hands           Tmut           ###.......   24%         5

Your spell library contained the following spells:

 Spells                   Type           Power        Failure   Level
 Wereblood                Tmut           ###.....     4%          2
 Animate Skeleton         Necr           #.....       32%         1
 Apportation              Tloc           #.....       32%         1
 Corona                   Hex            #......      32%         1
 Summon Small Mammal      Summ           #...         32%         1
 Ice Form                 Ice/Tmut       #.......     41%         4


Dungeon Overview and Level Annotations

Branches:
Dungeon (12/15)            Temple (1/1) D:5            Lair (0/6) D:8
  Sewer (visited)
    Orc: D:9-12

Altars:
Ashenzari
Cheibriados
Dithmenos
Elyvilon
Fedhas
Gozag
Hepliaklqana
Kikubaaqudgha
Makhleb
Nemelex Xobeh
Okawaru
Qazlal
Ru
Sif Muna
Trog
Uskayaw
Vehumet
Wu Jian
Xom
Zin
The Shining One

Annotations:
D:12 Azrael


Innate Abilities, Weirdness & Mutations

You are too large for most types of armour.
You have claws for hands.
Your natural rate of healing is unusually fast.
You are covered in fur. (AC +1)
You have extremely tough skin. (AC +3)
You cannot study or use magical devices.


Message History

You slash the fire elemental!
The fire elemental is moderately damaged.
The fire elemental is stunned by your will and fails to attack.
You closely miss the fire elemental.
The fire elemental is moderately damaged.
The fire elemental closely misses you.
The hell hound begins to attack, but is stunned by your will!
You hit the fire elemental.
The fire elemental is heavily damaged.
The fire elemental hits you. The fire elemental burns you!
* * * LOW HITPOINT WARNING * * *
You hit the fire elemental.
The fire elemental is severely damaged.
The fire elemental hits you. The fire elemental burns you!
* * * LOW HITPOINT WARNING * * *
You slice the fire elemental!!
You destroy the fire elemental!
Azrael gestures at you.
The sphere of damnation explodes!
The damnation engulfs you!!
You die...

#○.○...#
#......#
......#
#.....#
RhE○..#
#hE☼..#
#.##### #h#
#@# #.# #.#
#####.#
#.....#
###.....###
..........#
#..........###
#..........#


You could see Azrael, 2 fire elementals and 3 hell hounds.

Vanquished Creatures
  Erolcha (D:11)
  Josephine (D:10)
  4 two-headed ogres
  Nergalle (D:11)
  An unseen horror (D:10)
  2 ugly things
  A manticore (D:11)
  Maurice (D:9)
  2 komodo dragons
  3 trolls
  Prince Ribbit (D:9)
  Sigmund (D:2)
  4 wraiths
  3 fire elementals (D:12)
  2 steam dragons
  Menkaure (D:4)
  Edmund (D:4)
  A water moccasin (D:11)
  Duvessa (D:4)
  6 orc warriors
  2 sky beasts
  An eye of draining (D:11)
  An ice beast (D:11)
  2 black bears (D:10)
  A necrophage (D:6)
  2 ogres
  4 centaurs
  4 phantoms
  4 big kobolds
  4 bullfrogs
  3 gnoll sergeants (D:6)
  Dowan (D:4)
  A wyvern skeleton (D:11)
  5 scorpions
  8 killer bees (D:10)
  9 wights
  A howler monkey (D:5)
  A crimson imp (D:9)
  A centaur zombie (D:5)
  4 jellies
  4 gnoll shamans
  12 hounds
  A bullfrog skeleton (D:8)
  2 centaur skeletons
  7 orc priests
  9 orc wizards
  Jessica (D:3)
  7 worker ants
  2 hound skeletons
  A howler monkey zombie (D:9)
  A worker ant zombie (D:8)
  Robin (D:3)
  23 gnolls
  A howler monkey skeleton (D:9)
  11 adders
  4 river rats
  A shadow imp (D:7)
  2 white imps
  3 ufetubi (D:5)
  2 oozes
  An adder zombie (D:6)
  3 adder skeletons
  4 worms
  4 dart slugs
  43 orcs
  4 ball pythons
  15 giant cockroaches
  16 goblins
  8 hobgoblins
  15 jackals
  20 kobolds
  5 quokkas
  6 bats
  5 frilled lizards
  A jackal zombie (D:5)
  A leopard gecko skeleton (D:5)
  A quokka skeleton (D:7)
  6 rats
350 creatures vanquished.

Vanquished Creatures (collateral kills)
  A wyvern (D:9)
1 creature vanquished.

Vanquished Creatures (others)
  A steam dragon (D:10)
  17 fungi
18 creatures vanquished.

Grand Total: 369 creatures vanquished

Notes
Turn   | Place    | Note
-------+----------+-------------------------------------------
     0 | D:1      | kae the Troll Transmuter began the quest for the Orb.
     0 | D:1      | Reached XP level 1. HP: 18/18 MP: 1/1
   169 | D:1      | Reached skill level 1 in Fighting
   174 | D:1      | Reached XP level 2. HP: 27/27 MP: 0/2
   936 | D:2      | Reached XP level 3. HP: 32/33 MP: 1/3
  1064 | D:2      | Noticed Sigmund
  1076 | D:2      | Killed Sigmund
  1076 | D:2      | Reached skill level 4 in Unarmed Combat
  1076 | D:2      | Reached XP level 4. HP: 28/42 MP: 2/4
  1076 | D:2      | Reached XP level 5. HP: 33/49 MP: 2/5
  1175 | D:2      | Found a blossoming altar of Fedhas.
  1175 | D:2      | Found a stormy altar of Qazlal.
  1366 | D:2      | Found an ancient bone altar of Kikubaaqudgha.
  1917 | D:3      | Noticed Jessica
  1973 | D:3      | Reached XP level 6. HP: 55/57 MP: 4/6
  1980 | D:3      | Killed Jessica
  2189 | D:3      | Paralysed by a hobgoblin for 4 turns
  2398 | D:3      | Noticed Robin
  2432 | D:3      | Killed Robin
  2756 | D:4      | Reached skill level 5 in Unarmed Combat
  2792 | D:4      | Noticed Edmund
  2813 | D:4      | Killed Edmund
  2813 | D:4      | Reached XP level 7. HP: 24/66 MP: 7/7
  2931 | D:4      | Noticed Menkaure
  2939 | D:4      | Killed Menkaure
  3286 | D:4      | Noticed Duvessa
  3289 | D:4      | Noticed Dowan
  3295 | D:4      | Killed Duvessa
  3305 | D:4      | Killed Dowan
  3305 | D:4      | Reached skill level 6 in Unarmed Combat
  3339 | D:4      | Found an ornate altar of the Wu Jian Council.
  3640 | D:5      | Entered Level 5 of the Dungeon
  3661 | D:5      | Reached XP level 8. HP: 71/75 MP: 8/8
  3909 | D:5      | Found a glowing drain.
  3986 | D:5      | Reached skill level 7 in Unarmed Combat
  3986 | D:5      | Reached skill level 5 in Transmutations
  4022 | D:5      | Found a staircase to the Ecumenical Temple.
  4268 | Sewer    | Entered a sewer
  4370 | Sewer    | Found a glowing silver altar of Zin.
  4706 | Temple   | Entered the Ecumenical Temple
  4770 | Temple   | Became a worshipper of Ru the Awakened
  4853 | D:6      | Reached XP level 9. HP: 83/84 MP: 9/9
  4858 | D:6      | Noticed a two-headed ogre
  5218 | D:6      | Killed a two-headed ogre
  5218 | D:6      | Reached skill level 8 in Unarmed Combat
  5428 | D:6      | Found a shadowy altar of Dithmenos.
  5678 | D:6      | Reached skill level 5 in Dodging
  6190 | D:7      | Reached skill level 9 in Unarmed Combat
  6190 | D:7      | Reached XP level 10. HP: 82/93 MP: 10/10
  6505 | D:8      | Found a staircase to the Lair.
  6628 | D:8      | Noticed a white ugly thing
  6640 | D:8      | Killed a white ugly thing
  6640 | D:8      | Reached skill level 5 in Fighting
  6849 | D:8      | Found a bloodstained altar of Trog.
  6849 | D:8      | Found a hazy altar of Hepliaklqana.
  7611 | D:9      | Noticed Prince Ribbit
  7625 | D:9      | Killed Prince Ribbit
  7726 | D:9      | Noticed Maurice
  7744 | D:9      | Killed Maurice
  7878 | D:9      | Reached skill level 10 in Unarmed Combat
  8039 | D:9      | Found a burning altar of Makhleb.
  8040 | D:9      | Found a shimmering altar of Xom.
  8365 | D:10     | Entered Level 10 of the Dungeon
  8366 | D:10     | Identified a scroll of acquirement
  8366 | D:10     | Acquired 1280 gold pieces
  8382 | D:10     | Noticed a two-headed ogre
  8391 | D:10     | Killed a two-headed ogre
  8487 | D:10     | Learned a level 3 spell: Spider Form
  8497 | D:10     | Learned a level 5 spell: Blade Hands
  8665 | D:10     | Noticed Josephine
  8684 | D:9      | Reached XP level 11. HP: 50/104 MP: 11/11
  8769 | D:10     | Killed Josephine
  9194 | D:10     | Killed an unseen horror
  9504 | D:10     | Found a burning altar of Makhleb.
  9652 | D:10     | Gained mutation: You cannot study or use magical devices.
                  | [Ru sacrifice]
  9652 | D:10     | Reached * piety under Ru
  9652 | D:10     | Reached ** piety under Ru
  9698 | D:10     | Noticed a two-headed ogre
  9709 | D:10     | Killed a two-headed ogre
  9709 | D:10     | Reached skill level 11 in Unarmed Combat
 10112 | D:11     | Noticed a two-headed ogre
 10130 | D:11     | Killed a two-headed ogre
 10164 | D:11     | Noticed Erolcha
 10176 | D:11     | Killed Erolcha
 10797 | D:11     | Noticed Nergalle
 10807 | D:11     | Killed Nergalle
 11039 | D:12     | Noticed a green ugly thing
 11046 | D:12     | Killed a green ugly thing
 11105 | D:12     | Noticed Azrael
 11116 | D:12     | Reached XP level 12. HP: 58/115 MP: 8/12
 11121 | D:12     | Killed from afar by Azrael

Illustrated notes

Levels and vault maps discovered:
D:1:      minmay_arrival_solitary_statue, layout_basic
D:2:      minmay_roachtagon, layout_loops_ring,
          grunt_temple_overflow_forces_of_nature, kiku_gazebo_pond_becter,
          kennysheep_generic_room_14, uniq_sigmund
D:3:      layout_basic, uniq_jessica, uniq_robin
D:4:      layout_basic, nicolae_overflow_crystal_walls, glass_columns_a,
          uniq_edmund, uniq_duvessa, uniq_menkaure
D:5:      layout_loops_ring, minmay_temple_entry_poolview, portal_sewer_entry_e
D:6:      layout_cave_pools, nicolae_overflow_hidden_temple,
          lemuel_doored_altar, serial_gnoll_camp, gnoll_camp_huts_basic,
          gnoll_camp_mini_hut, gnoll_camp_mini_doghouse, gnoll_camp_medium_02
D:7:      layout_cave_pools
D:8:      layout_loops_ring, gammafunk_temple_overflow_wave, lair_entry_dummy,
          chequers_serial_rivers_micro_e
D:9:      layout_basic, grunt_temple_overflow_champion_of_chaos, uniq_maurice,
          uniq_prince_ribbit1
D:10:     kennysheep_steamy, layout_basic, bloody_makhleb, uniq_josephine
D:11:     layout_irregular_city, uniq_nergalle, uniq_erolcha
D:12:     layout_irregular_city, hiddenorc2_lemuel, minmay_protected_statue,
          uniq_rupert, uniq_azrael, uniq_kirke
Temple:   nicolae_temple_x_marks_the_god

Skill      XL: |  1  2  3  4  5  6  7  8  9 10 11 |
---------------+----------------------------------+-----
Fighting       | 1 2 3 4 5 6 |  6.7
Dodging        | 2 3 4 5 6 |  6.9
Unarmed Combat | 4 5 6 7 9 10 11 | 11.7
Transmutations | 2 3 4 5 6 7 9 |  9.0
Spellcasting   | |  1.2

Action                   |  1- 3 |  4- 6 |  7- 9 | 10-12 || total
-------------------------+-------+-------+-------+-------++-------
Melee: Unarmed           |    45 |   166 |   322 |   405 ||   938
       Kick              |     7 |    32 |    68 |    46 ||   153
       Headbutt          |     2 |    10 |    49 |    24 ||    85
       Punch             |       |     1 |     5 |    11 ||    17
 Cast: Beastly Appendage |     6 |    21 |    41 |    24 ||    92
       Blade Hands       |       |       |       |    18 ||    18
Invok: Reject Sacrifices |       |       |     1 |       ||     1
       Sacrifice Artific |       |       |       |     1 ||     1
  Use: Scroll            |     3 |     6 |     4 |    10 ||    23
       Potion            |       |     1 |       |     2 ||     3
 Stab: Distracted        |       |       |       |     1 ||     1
       Invisible         |       |       |       |     1 ||     1
Armor: Robe              |    19 |    63 |   131 |    28 ||   241
       Steam dragon scal |       |       |       |    93 ||    93
Dodge: Dodged            |    16 |    69 |   196 |   209 ||   490

Table legend: (Time is in decaauts)
 A = Elapsed time spent in this place.
 B = Non-inter-level travel time spent in this place.
 C = Inter-level travel time spent in this place.
 D = Time resting spent in this place.
 E = Time spent auto-exploring this place.
 F = Levels seen in this place.
 G = Mean time per level.
                   A        B        C        D        E       F      G
               +--------+--------+--------+--------+--------+-----+--------+
         Total |  11025 |  10544 |    481 |    313 |   8238 |  14 |  787.5 |
       Dungeon |  10788 |  10328 |    460 |    313 |   8067 |  12 |  899.0 |
        Temple |     71 |     51 |     20 |      0 |     50 |   1 |   71.0 |
         Sewer |    164 |    164 |      0 |      0 |    121 |   1 |  164.0 |
               +--------+--------+--------+--------+--------+-----+--------+

Top non-repeatable levels by time:
    D:10: 1513 daAuts
     D:9: 1126 daAuts
     D:6: 1079 daAuts
     D:4: 1035 daAuts
     D:5: 1033 daAuts
     D:2: 941 daAuts
     D:8: 925 daAuts
    D:11: 880 daAuts
     D:1: 859 daAuts
     D:3: 783 daAuts
     D:7: 444 daAuts
    D:12: 166 daAuts
   Sewer: 164 daAuts
  Temple: 71 daAuts
